cohdb
Replays
Latest Replays
All Replays
Popular Replays
Top Player Replays
Match Explorer
How It Works
Community
CoH3 Stats
Reddit
Sign in to upload your games and track your stats! →
Sign in with Steam
Match 43213720
Unlisted
Match 43213720
Overview
Messages
Build Orders
End
Panzergrenadier Squad
Selects Armored Support Battlegroup
250 Light Carrier
Panzerpioneer Squad
Panzergrenadier Squad
Construct Light Support Kompanie
Combat Half-tracks
Selects Superior Fire Drills
2.5-tonne Medical Truck
Fire Support Elements
Panzerjäger Mechanized Group
Construct Panzerarmee Kommand
Panzergrenadier Squad
Walking Stuka Rocket Launcher
Panzerjäger Squad
Selects Flammpanzer III Medium Tank
Selects Flammpanzer III Medium Tank
Selects Salvage Kits
Walking Stuka Rocket Launcher
Pak 38 Anti-tank Gun Team
Pak 38 Anti-tank Gun Team
Panzer III L Medium Tank
Selects Panzer Storm
Selects Stuka Dive Bomb
Vehicle Survival Package
Rapid Advance
Panzer III L Medium Tank
Tungsten Core Ammunition
Armored Reserves
Panzergrenadier Squad
Tiger Heavy Tank
Stuka Dive Bomb
Royally EbRoY
Master of faster
BIOHAZARD
Sauzer88
0
0
Comments
sign in to comment!
No comments posted yet!